Map: Lerilak Crest

Players

ByuN - Winner!

  • Race: Terran Terran

Soulkey

  • Race: Zerg Zerg

Event: IEM Season 10 - Taipei

VOD

Have the link to the VOD?

Description

Time

  • Played on: Feb. 1, 2016, 10:08 p.m.
  • Length: 10:03

All games in this series

Show
View Real Time Build Order
Export as new Build Order

ByuN Terran - Winner!

Build Orders: Liberator Opening, Reaper Expand, Bio Tank 

Get SALT Encoding   

  12  0:00  SCV  
  13  0:13  SCV  
  14  0:17  Supply Depot  
  14  0:25  SCV  
  15  0:38  SCV  
  15  0:40  Barracks  
  16  0:43  Refinery  
  16  0:50  SCV  
  17  1:02  SCV  
  18  1:14  SCV  
  19  1:27  Orbital Command, Reaper  
  20  1:39  Command Center  
  20  1:46  Supply Depot  
  20  1:52  SCV  
  21  2:00  Marine  
  22  2:03  Factory  
  22  2:06  SCV  
  23  2:11  Refinery  
  23  2:19  SCV  
  23  2:20  Barracks Reactor  
  24  2:31  SCV  
  25  2:43  SCV  
  26  2:49  Starport  
  26  2:50  Orbital Command  
  26  2:52  Widow Mine  
  26  2:54  Bunker  
  26  2:56  Marine x2  
  26  2:58  SCV  
  31  3:10  SCV  
  32  3:14  Marine x2  
  32  3:27  Orbital Command, Starport Tech Lab  
  32  3:28  Medivac, Factory Tech Lab  
  32  3:32  Marine x2  
  32  3:33  Supply Depot  
  36  3:40  SCV  
  37  3:47  Siege Tank  
  40  3:49  Marine x2  
  40  3:53  Liberator, SCV  
  44  3:59  Barracks  
  44  4:00  Supply Depot  
  43  4:03  Orbital Command  
  43  4:07  Marine x2  
  45  4:11  SCV  
  49  4:23  SCV  
  50  4:30  Marine x2  
  52  4:35  SCV x2  
  54  4:47  Factory Reactor, SCV x2  
  54  4:48  Engineering Bay  
  54  4:49  Marine  
  54  4:50  Marine  
  54  4:51  Barracks  
  58  4:59  SCV x2  
  60  5:01  Supply Depot  
  60  5:02  Supply Depot  
  60  5:06  Starport Reactor  
  60  5:10  Marine x2  
  62  5:22  Marine  
  62  5:23  SCV x2  
  62  5:24  Supply Depot, Terran Infantry Weapons Level 1  
  62  5:28  Refinery  
  65  5:30  Supply Depot  
  65  5:35  Marine, SCV x2  
  67  5:40  Stimpack, Marine  
  68  5:44  Factory Tech Lab  
  68  5:47  SCV x2  
  70  5:51  Barracks  
  70  5:55  Barracks  
  70  5:57  Marine x4  
  70  5:58  Marine  
  70  5:59  SCV x2  
  70  6:02  Siege Tank  
  80  6:07  Medivac x2  
  84  6:14  Supply Depot  
  84  6:15  SCV x2  
  84  6:16  Supply Depot  
  84  6:18  Marine  
  85  6:24  Marine x2  
  85  6:25  Marine x2  
  90  6:34  Siege Tank  
  90  6:36  Marine  
  90  6:37  Medivac  
  96  6:41  Supply Depot, Refinery  
  96  6:44  Marine x4  
  99  6:51  Supply Depot, Barracks Reactor  
  99  6:52  Barracks Reactor  
  99  6:54  Marine  
  97  7:01  Marine x2  
  97  7:02  Marine x2, SCV x2  
  103  7:08  Siege Tank  
  103  7:11  Marine  
  109  7:15  Supply Depot  
  109  7:18  Supply Depot  
  109  7:19  Marine x3  
  109  7:20  Marine  
  109  7:22  Medivac x2  
  115  7:31  Terran Infantry Armor Level 1  
  115  7:33  Marine  
  115  7:34  Marine x3  
  119  7:40  Siege Tank  
  119  7:41  Marine  
  119  7:42  Marine x2  
  125  7:45  Marine x2  
  125  7:48  Supply Depot  
  127  7:55  Supply Depot  
  127  8:04  Marine  
  127  8:05  Marine x3  
  121  8:10  Combat Shields  
  121  8:11  Marine  
  122  8:12  Siege Tank  
  122  8:14  Medivac  
  122  8:15  Marine  
  122  8:16  Marine x3  
  131  8:22  Marine  
  132  8:28  Marine x3  
  132  8:29  Marine  
  132  8:32  Marine  
  137  8:34  Marine  
  137  8:35  Marine  
  137  8:37  Marauder  
  141  8:42  Marine  
  141  8:49  Siege Tank  
  140  8:55  Marine  
  140  8:56  Marine  
  140  8:57  Marine  
  140  8:58  Marine  
  140  9:00  Marine  
  140  9:01  Marine x2  
  146  9:09  Marine  
  144  9:14  Marine x4  
  144  9:16  Medivac  
  146  9:21  Marine, Siege Tank  
  147  9:27  Marine  
  147  9:29  Marine  
  130  9:34  Marine x2  
  130  9:36  Marine  
  130  9:38  Marine  
  126  9:40  Marine  
  126  9:43  Marine  
  126  9:45  Marine  
Show
View Real Time Build Order
Export as new Build Order

Soulkey Zerg 

Build Orders: Pool First 

Get SALT Encoding   

  12  0:00  Drone  
  13  0:12  Overlord  
  13  0:16  Drone  
  14  0:32  Drone x2  
  14  0:35  Drone  
  17  0:45  Spawning Pool  
  17  0:46  Extractor  
  17  0:49  Drone  
  16  1:10  Hatchery  
  15  1:14  Drone  
  16  1:19  Drone  
  17  1:32  Queen  
  19  1:39  Overlord  
  19  1:47  Metabolic Boost  
  19  1:50  Drone  
  20  1:55  Drone  
  20  1:58  Drone  
  22  2:07  Queen  
  24  2:21  Overlord  
  24  2:22  Queen  
  26  2:31  Drone  
  26  2:35  Drone  
  28  2:38  Evolution Chamber  
  28  2:39  Zergling x4  
  28  2:43  Zergling x2  
  30  2:47  Zergling x2  
  30  2:49  Zergling x2  
  32  2:53  Zergling x2  
  32  2:54  Zergling x2  
  34  3:02  Zergling x4  
  37  3:05  Zergling x2  
  37  3:06  Zergling x2  
  38  3:23  Drone x2  
  38  3:24  Drone x2  
  40  3:27  Drone x2  
  40  3:30  Drone x2  
  44  3:39  Overlord  
  44  3:46  Spore Crawler  
  44  3:48  Drone  
  44  3:50  Spore Crawler  
  44  3:53  Drone  
  44  3:58  Drone x3  
  44  4:00  Drone x2  
  49  4:04  Drone x2  
  50  4:16  Hatchery, Overlord  
  49  4:28  Overlord  
  49  4:35  Drone x3  
  52  4:40  Overlord  
  52  4:45  Overlord  
  52  4:50  Roach Warren  
  52  4:51  Drone  
  52  4:52  Evolution Chamber x2, Extractor  
  49  4:58  Drone x6  
  54  5:05  Zergling x2  
  55  5:07  Lair  
  55  5:08  Extractor  
  55  5:10  Zergling x2  
  55  5:21  Drone x6  
  58  5:24  Zerg Missile Weapons Level 1  
  60  5:33  Queen  
  60  5:36  Drone x2  
  60  5:38  Drone x3  
  65  5:48  Zerg Ground Armor Level 1  
  65  5:49  Drone x2  
  67  5:55  Overlord x2  
  67  5:58  Drone x2  
  67  5:59  Overlord  
  67  6:00  Overlord  
  69  6:04  Drone x2  
  69  6:07  Glial Reconstitution  
  70  6:17  Roach x4  
  70  6:18  Overseer  
  77  6:20  Drone x3  
  77  6:21  Drone  
  75  6:34  Drone x2, Queen  
  75  6:35  Drone  
  75  6:36  Drone x4  
  83  6:40  Extractor  
  83  6:43  Roach x3  
  83  6:46  Queen  
  87  6:55  Drone x3  
  89  7:04  Roach x6  
  89  7:08  Overlord  
  101  7:12  Overlord, Extractor  
  101  7:15  Drone  
  101  7:16  Extractor  
  101  7:17  Ravager  
  101  7:19  Overlord x3  
  103  7:22  Drone x2  
  103  7:26  Drone  
  103  7:28  Ravager  
  103  7:29  Ravager, Roach  
  112  7:30  Roach x2  
  111  7:38  Roach x2  
  111  7:42  Roach  
  111  7:43  Roach x4  
  125  7:45  Overlord  
  125  7:57  Overlord x2  
  125  7:59  Tunneling Claws, Burrow  
  125  8:02  Overlord  
  125  8:03  Overlord x3  
  123  8:06  Overlord  
  123  8:07  Drone x3  
  126  8:17  Roach x3  
  132  8:23  Drone  
  133  8:34  Roach  
  133  8:35  Roach x2  
  133  8:36  Ravager, Hatchery  
  133  8:38  Roach x2  
  133  8:39  Roach  
  133  8:40  Zergling x2  
  145  8:43  Zergling x2  
  145  8:44  Zergling x4  
  145  8:48  Roach  
  145  8:54  Roach x2  
  145  8:55  Roach  
  140  8:57  Roach x2  
  140  8:58  Zergling x2  
  140  8:59  Roach  
  140  9:02  Roach x2  
  149  9:07  Roach  
  149  9:09  Ravager x2, Roach x14  
  152  9:10  Roach  
  152  9:13  Roach  
  152  9:17  Overlord  
  153  9:19  Roach x7  
  153  9:23  Roach Warren  
  119  9:34  Roach x2  
  119  9:37  Zergling x10  
  109  9:40  Zergling x2  
  109  9:41  Zergling x2  

Tags
 
Add a new tag
Caveats
  • Supply blocks, unpowered buildings, or Contaminate may cause inaccurate times.
  • Supply counts are checked every 10 seconds.